 Dungeon Crawl Stone Soup version 0.26.1-11-gd32895ea62 (webtiles) character file.

Game seed: 5943912747673705471

42917 GenialerGandalf the Severer (level 14, -8/101 HPs)
             Began as a Hill Orc Fighter on Apr 20, 2021.
             Was a High Priest of Beogh.
             Killed from afar by a starcursed mass (9 damage)
             ... with an accursed screaming
             ... on level 2 of the Abyss on Apr 21, 2021.
             The game lasted 04:50:54 (29380 turns).

GenialerGandalf the Severer (Hill Orc Fighter)     Turns: 29380, Time: 04:50:54

Health: -8/101     AC: 18    Str: 26    XL:     14   Next: 21%
Magic:  14/14      EV: 14    Int: 12    God:    Beogh [*****.]
Gold:   1570       SH:  0    Dex: 10    Spells: 13/13 levels left

rFire    . . .     SeeInvis .   p - +8 whip "Snakebite" {curare, rPois}
rCold    . . .     Faith    .   (no shield)
rNeg     . . .     Spirit   .   G - +6 scale mail "Meh Cout" {rElec Int+4}
rPois    +         Reflect  .   T - +0 helmet
rElec    +         Harm     .   Q - +2 cloak {rPois}
rCorr    .         Rampage  .   (no gloves)
Will     +....     Rnd*Tele +   R - +0 pair of boots
Stlth    ..........             q - amulet of regeneration
HPRegen  0.26/turn              v - +6 ring of strength
MPRegen  0.14/turn              l - +4 ring of evasion

@: invisible
A: walk on water, [blurry vision 2], [deformed body], [frail 2], [low mp 3],
[screaming 3], [teleportitis 2], [weak 2], [no potion heal 2]
a: Renounce Religion, Smiting, Recall Orcish Followers, Give Item to Named
Follower


You were on level 2 of the Abyss.
You worshipped Beogh.
Beogh was extremely pleased with you.
You visited 4 branches of the dungeon, and saw 23 of its levels.
You visited the Abyss 1 time.

You collected 2511 gold pieces.
You spent 941 gold pieces at shops.

Inventory:

Hand Weapons
 p - the +8 whip "Snakebite" (weapon) {curare, rPois}
   (You found it on level 3 of the Lair of Beasts)

   It poisons the flesh of those it strikes.
   It protects you from poison.
 x - a +6 war axe
 B - the +4 dagger "Morg" {pain, Will+ Int+5}
   (You found it on level 6 of the Lair of Beasts)

   In the hands of one skilled in necromantic magic, it inflicts extra damage on
   living creatures.
   It affects your intelligence (+5).
   It affects your willpower, your defense against some magical effects.
 E - a +2 dire flail of venom
 P - a +4 quarterstaff of chaos
Armour
 c - a +5 kite shield
 w - a +3 chain mail of fire resistance
 A - the +2 ring mail "Sonorabb" {Rampage MP+9}
   (You found it on level 7 of the Dungeon)

   It affects your magic capacity (+9).
   It bestows one free step when moving towards enemies.
 G - the +6 scale mail "Meh Cout" (worn) {rElec Int+4}
   (You found it on level 8 of the Dungeon)

   It affects your intelligence (+4).
   It insulates you from electricity.
 H - a +3 ring mail
 J - the +3 robe of Eternal Vigilance {Dex+2}
   (You found it on level 10 of the Dungeon)

   It affects your dexterity (+2).
 Q - a +2 cloak of poison resistance (worn)
 R - a +0 pair of boots (worn)
 T - a +0 helmet (worn)
 U - the cursed +1 robe of the Dropbear {rC+ Dex+5}
   (You found it on level 7 of the Dungeon)

   It affects your dexterity (+5).
   It protects you from cold.
   It has a curse placed upon it.
Jewellery
 a - the ring "Wull" {rF- MP+9 Slay+6}
   (You found it on level 2 of the Lair of Beasts)

   [ring of magical power]

   It affects your accuracy and damage with ranged weapons and melee attacks
   (+6).
   It makes you vulnerable to fire.
   It affects your magic capacity (+9).
 l - a +4 ring of evasion (right hand)
 q - an amulet of regeneration (around neck)
 v - a +6 ring of strength (left hand)
 y - an uncursed ring of protection from cold {unknown}
 z - a +4 ring of protection
 L - the macabre finger necklace {rN+}
   (You bought it in a shop on level 5 of the Dungeon)

   [amulet of nothing]

   It protects you from negative energy.
 S - an uncursed ring of protection from fire
Wands
 d - a wand of enslavement (15)
 n - a wand of flame (76)
 C - a wand of iceblast (24)
 N - a wand of random effects (18)
 O - a wand of digging (6)
 Z - a wand of polymorph (16)
Scrolls
 e - 12 scrolls of remove curse
 f - a scroll of fear
 i - 6 scrolls of magic mapping
 r - 2 scrolls of blinking
 u - 7 scrolls of teleportation
 D - 3 scrolls of fog
 I - 2 scrolls of vulnerability
 K - a scroll of silence
 M - a scroll of torment
 W - 4 scrolls of identify
Potions
 b - 2 potions of ambrosia
 g - 3 potions of resistance
 h - a potion of cancellation
 j - a potion of lignification
 m - a potion of magic
 o - a potion of heal wounds
 t - 7 potions of flight
 F - 8 potions of curing
 V - a potion of berserk rage {unknown}
 Y - 2 potions of might


   Skills:
 + Level 12.8 Fighting
 + Level 16.9(17.1) Axes
 - Level 4.1(10.6) Maces & Flails
 + Level 0.7 Throwing
 + Level 12.0 Armour
 - Level 1.0 Dodging
 - Level 2.2 Stealth
 + Level 12.0 Shields
 * Level 8.5 Invocations


You had 13 spell levels left.
You didn't know any spells.
Your spell library contained the following spells:

 Spells                   Type           Power        Failure   Level
 Animate Skeleton         Necr           0%           54%         1
 Apportation              Tloc           0%           54%         1
 Beastly Appendage        Tmut           0%           54%         1
 Corona                   Hex            0%           54%         1
 Freeze                   Ice            0%           54%         1
 Magic Dart               Conj           0%           54%         1
 Sting                    Tmut/Pois      0%           54%         1
 Summon Small Mammal      Summ           0%           54%         1
 Blink                    Tloc           N/A          67%         2
 Call Imp                 Summ           0%           67%         2
 Poisonous Vapours        Pois/Air       0%           67%         2
 Slow                     Hex            0%           67%         2
 Wereblood                Tmut           0%           67%         2
 Call Canine Familiar     Summ           0%           88%         3
 Conjure Flame            Conj/Fire      0%           88%         3
 Frozen Ramparts          Ice            0%           88%         3
 Gell's Gravitas          Tloc           0%           88%         3
 Ignite Poison            Fire/Tmut/Pois 0%           88%         3
 Mephitic Cloud           Conj/Pois/Air  0%           88%         3
 Ozocubu's Armour         Ice            0%           88%         3
 Spider Form              Tmut/Pois      0%           88%         3
 Summon Guardian Golem    Hex/Summ       0%           88%         3
 Tukima's Dance           Hex            0%           88%         3
 Hailstorm                Conj/Ice       0%           99%         4
 Ice Form                 Ice/Tmut       0%           99%         4
 Iskenderun's Mystic Bla  Conj/Tloc      0%           99%         4
 Olgreb's Toxic Radiance  Pois           0%           99%         4
 Summon Ice Beast         Ice/Summ       0%           99%         4
 Summon Lightning Spire   Summ/Air       0%           99%         4
 Blade Hands              Tmut           0%           100%        5
 Bolt of Magma            Conj/Fire/Erth 0%           100%        5
 Iskenderun's Battlesphe  Conj           0%           100%        5
 Summon Mana Viper        Hex/Summ       0%           100%        5
 Iron Shot                Conj/Erth      0%           100%        6
 Orb of Destruction       Conj           0%           100%        7
 Spellforged Servitor     Conj/Summ      0%           100%        7


Dungeon Overview and Level Annotations

Branches:
Dungeon (14/15)            Temple (0/1) D:7            Lair (6/6) D:11
  Swamp (0/4) Lair:3        Snake (1/4) Lair:3        Slime (0/5) Lair:6
    Orc (2/2) D:11
    Elf: Orc:2       Vaults: D:13-14

Altars:
Dithmenos
Elyvilon
Fedhas
Hepliaklqana
Kikubaaqudgha
Nemelex Xobeh
Qazlal
Ru
Uskayaw
Xom
The Shining One
Jiyva

Shops:
D:5 (=}*(   D:13 }

Annotations:
Lair:2 exclusion: 3 oklob plants
Lair:3 3 runed translucent doors, Irhican's ghost, journeyman MiBe


Innate Abilities, Weirdness & Mutations

You can walk on water.
[Scrolls take you longer to read.]
[Armour fits poorly on your strangely shaped body.]
[You are very frail. (-20% HP)]
[Your magical capacity is extremely low. (-30% MP)]
[You frequently scream uncontrollably at your foes.]
[You are sometimes teleported next to monsters.]
[You are very weak. (Str -4)]
[Potions are poor at restoring your health.]


Message History

The small abomination hits you but does no damage.
You can move again.
A cacophony of accursed wailing tears at your sanity!
* * * LOW HITPOINT WARNING * * *
You suddenly lose the ability to move!
The small abomination hits you!
* * * LOW HITPOINT WARNING * * *
A cacophony of accursed wailing tears at your sanity!
* * * LOW HITPOINT WARNING * * *
You can move again.
Your system partially rejects the healing.
You feel much better.
The small abomination hits you but does no damage.
The starcursed mass closely misses you. The small abomination hits you.
* * * LOW HITPOINT WARNING * * *
A deafening chorus of shrieks assaults your mind!
* * * LOW HITPOINT WARNING * * *
You fade into invisibility!
A deafening chorus of shrieks assaults your mind!
You die...

.#.. .. .. #.# .# # #
## .#.##..# # . .
.X.X#..## # .## #.#..#
#.## #... ##...##...#
#.. .
.....#########.###.#.
.........XX.xX.........
........X.x.XX.@.......
...#...W.#.X...#.....#
...###...###...## ...##
..# .#.. ###.... ##..
.. #.# .# .##... . .
... .. .# ##.. ....
##.# # #...# . .. #


You could see 7 starcursed masses, a wraith and 2 small abominations.

Vanquished Creatures
  Snorg (D:12)
  Fannar (D:12)
  A boulder beetle (D:12)
  Harold (D:7)
  The ghost of H0rd4k the Carver, a journeyman HuAr of Gozag (D:10)
  3 hydras
  2 centaur warriors (D:13)
  2 death yaks (Lair:6)
  A two-headed ogre (D:11)
  A swamp dragon (Lair:6)
  2 ugly things
  A cyclops (D:12)
  A deep elf mage (D:10)
  2 elephants (Lair:2)
  3 black mambas
  2 cane toads
  A rime drake (Lair:4)
  Maggie (D:6)
  A komodo dragon (Lair:5)
  An ancient zyme (Abyss:2)
  A hornet (D:8)
  A slime creature (D:7)
  5 blink frogs
  A vampire (D:10)
  2 shadows
  A wyvern (Lair:3)
  A vampire mosquito (D:12)
  12 yaks
  2 steam dragons (Lair:6)
  A naga (Lair:3)
  An acid dragon (D:12)
  11 water moccasins
  2 ice beasts (D:10)
  3 orc warriors
  The ghost of kaldamae the Skirmisher, an amateur PaFi (D:3)
  3 sky beasts
  9 ogres
  3 phantoms
  2 necrophages
  A wolf (Lair:3)
  A manticore skeleton (Abyss:2)
  3 boggarts (D:14)
  7 centaurs
  8 bullfrogs
  5 big kobolds
  A wyvern zombie (D:7)
  A wyvern skeleton (D:7)
  4 scorpions
  3 killer bees
  2 troll zombies (D:11)
  9 wights
  An electric eel (Lair:1)
  A bullfrog zombie (D:6)
  2 centaur zombies
  3 quasits
  A centaur skeleton (D:4)
  9 orc priests
  3 hounds
  2 jellies
  10 orc wizards
  Crazy Yiuf (D:7)
  3 bullfrog skeletons
  4 iguanas
  4 worker ants
  3 ogre zombies (D:11)
  2 hound skeletons
  2 worker ant zombies
  A howler monkey zombie (D:8)
  2 howler monkey skeletons
  8 adders
  A shadow imp (D:10)
  3 white imps
  5 ufetubi
  An ooze (D:3)
  3 adder skeletons
  A worm (D:2)
  8 leopard geckos
  35 orcs
  2 ball pythons
  8 giant cockroaches
  6 goblins
  11 hobgoblins
  5 jackals
  2 quokkas
  6 bats
  6 frilled lizards
  A goblin skeleton (D:11)
  2 goblin zombies (D:11)
  2 hobgoblin zombies (D:11)
  35 kobolds
  A leopard gecko skeleton (D:8)
  A leopard gecko zombie (D:7)
  4 orc zombies (D:11)
  A quokka zombie (D:3)
  10 rats
  A plant (Lair:4)
359 creatures vanquished.

Vanquished Creatures (collateral kills)
  Nessos (D:12)
  A dire elephant (Lair:6)
  A fire dragon (Lair:6)
  2 boulder beetles
  4 hydras
  A two-headed ogre (D:11)
  2 catoblepae (Lair:6)
  A death yak (Lair:6)
  The ghost of grovkorv the Cudgeller, a novice TrAE of Makhleb (D:6)
  A cyclops (D:7)
  3 ugly things
  4 oklob plants (Lair:2)
  2 manticores (Lair:6)
  4 elephants
  6 black mambas
  A gargoyle (D:13)
  A torpor snail (Lair:6)
  10 cane toads
  6 komodo dragons
  2 rime drakes
  3 trolls
  Prince Ribbit (Lair:3)
  3 dream sheep (Lair:6)
  15 blink frogs
  5 wyverns
  4 yaks
  A wraith (D:11)
  3 vampire mosquitoes (D:12)
  3 basilisks
  A steam dragon (Lair:6)
  A warg (Orc:1)
  A naga (Lair:3)
  3 acid dragons (Lair:6)
  6 water moccasins
  3 orc warriors
  A sky beast (D:7)
  An ice beast (D:10)
  3 ogres
  A black bear (D:11)
  2 boggarts (D:14)
  4 wolves
  A centaur (D:7)
  A big kobold (D:11)
  7 bullfrogs
  A scorpion (D:13)
  5 killer bees
  3 wights
  An electric eel (Lair:4)
  2 howler monkeys (D:12)
  A quasit (D:11)
  2 centaur zombies
  A hound (D:7)
  2 jellies (D:11)
  An orc wizard (D:12)
  A bullfrog skeleton (D:13)
  2 iguanas
  3 worker ants
  3 ogre zombies (D:11)
  A hound zombie (D:7)
  An ufetubus (D:7)
  7 orcs
  2 goblin zombies (D:11)
  A hobgoblin skeleton (D:11)
  4 kobolds
  3 orc skeletons (D:11)
  10 orc zombies (D:11)
  2 fungi
  2 plants
189 creatures vanquished.

Vanquished Creatures (others)
  3 orc knights
  3 orc warriors
  2 orc wizards
  5 orc priests
  14 orcs
  156 fungi
  131 plants
  4 starspawn tentacles (Abyss:2)
318 creatures vanquished.

Grand Total: 866 creatures vanquished

Notes
Turn   | Place    | Note
-------+----------+-------------------------------------------
     0 | D:1      | GenialerGandalf the Hill Orc Fighter began the quest for
                  | the Orb.
     0 | D:1      | Reached XP level 1. HP: 19/19 MP: 1/1
   155 | D:1      | Reached XP level 2. HP: 14/27 MP: 2/2
   160 | D:1      | Reached skill level 3 in Axes
   774 | D:1      | Reached XP level 3. HP: 33/33 MP: 3/3
  1231 | D:2      | Found a glowing golden altar of the Shining One.
  1505 | D:2      | Found a shadowy altar of Dithmenos.
  1505 | D:2      | Noticed a shadow
  1520 | D:2      | Reached skill level 4 in Axes
  1520 | D:2      | Found a hazy altar of Hepliaklqana.
  1792 | D:2      | Reached XP level 4. HP: 37/40 MP: 4/4
  2365 | D:3      | Found a transporter.
  2365 | D:3      | Noticed kaldamae's ghost (amateur PaFi)
  2370 | D:3      | Found a transporter.
  2803 | D:3      | Reached XP level 5. HP: 37/46 MP: 5/5
  3191 | D:4      | Found a white marble altar of Elyvilon.
  3200 | D:4      | Reached skill level 5 in Axes
  3378 | D:4      | Found a hide-covered altar of Uskayaw.
  3612 | D:5      | Entered Level 5 of the Dungeon
  3681 | D:4      | Reached XP level 6. HP: 53/53 MP: 6/6
  3871 | D:4      | Noticed a phantom
  3898 | D:4      | Killed a phantom
  3899 | D:4      | Reached skill level 6 in Axes
  3899 | D:4      | Reached skill level 1 in Dodging
  3943 | D:5      | Found Sibun's General Store.
  4080 | D:5      | Found Veuzusum's Gadget Emporium.
  4081 | D:5      | Found Guirch's Jewellery Emporium.
  4185 | D:5      | Found Cuagiaru's Weapon Shoppe.
  4200 | D:5      | Reached XP level 7. HP: 34/60 MP: 7/7
  4584 | D:5      | Found Difat's Antique Weapon Shoppe.
  4953 | D:6      | Found a sparkling altar of Nemelex Xobeh.
  4967 | D:6      | Reached skill level 7 in Axes
  4967 | D:6      | Reached skill level 5 in Shields
  5010 | D:6      | Reached skill level 5 in Fighting
  5043 | D:6      | Found an ancient bone altar of Kikubaaqudgha.
  5077 | D:6      | Reached skill level 5 in Armour
  5102 | D:6      | Noticed grovkorv's ghost (novice TrAE)
  5106 | D:6      | Found a runed translucent door.
  5402 | D:3      | Killed kaldamae's ghost
  5717 | D:6      | Reached skill level 8 in Axes
  5722 | D:6      | Reached XP level 8. HP: 68/68 MP: 8/8
  5856 | D:6      | Became a worshipper of Beogh the Brigand
  5976 | D:6      | Noticed Maggie
  5989 | D:6      | Killed Maggie
  5990 | D:6      | Reached skill level 9 in Axes
  6220 | D:6      | Noticed a troll
  6353 | D:7      | Found a staircase to the Ecumenical Temple.
  6355 | D:7      | Found a sacrificial altar of Ru.
  6385 | D:7      | Noticed a cyclops
  6399 | D:7      | Noticed a slime creature
  6614 | D:6      | Reached * piety under Beogh
  6620 | D:6      | Reached skill level 10 in Axes
  6620 | D:6      | Reached XP level 9. HP: 70/75 MP: 9/9
  6946 | D:7      | Reached ** piety under Beogh
  7131 | D:8      | Reached skill level 11 in Axes
  7262 | D:8      | Got a pitted scale mail
  7459 | D:9      | Noticed a hornet
  7463 | D:9      | Paralysed by a hornet for 2 turns
  7468 | D:9      | Paralysed by a hornet for 1 turns
  7471 | D:9      | Paralysed by a hornet for 3 turns
  7502 | D:8      | Killed a hornet
  8008 | D:9      | Identified the +6 scale mail "Meh Cout" {rElec Int+4} (You
                  | found it on level 8 of the Dungeon)
  8039 | D:9      | Found a stormy altar of Qazlal.
  8236 | D:9      | Reached XP level 10. HP: 86/86 MP: 10/10
  8322 | D:10     | Entered Level 10 of the Dungeon
  8391 | D:10     | Reached skill level 12 in Axes
  8485 | D:10     | Reached *** piety under Beogh
  8531 | D:10     | Noticed a deep elf mage
  8614 | D:10     | Killed a deep elf mage
  8716 | D:10     | Got a crude robe
  8961 | D:10     | Noticed H0rd4k's ghost (journeyman HuAr)
  8963 | D:10     | Found a runed translucent door.
  9089 | D:10     | Reached skill level 13 in Axes
  9212 | D:10     | Identified the +3 robe of Eternal Vigilance {Dex+2} (You
                  | found it on level 10 of the Dungeon)
  9603 | D:10     | Killed H0rd4k's ghost
  9604 | D:10     | Reached XP level 11. HP: 88/95 MP: 11/11
  9663 | D:11     | Found a staircase to the Orcish Mines.
  9699 | D:11     | Reached **** piety under Beogh
  9762 | Orc:1    | Entered Level 1 of the Orcish Mines
 10114 | Orc:1    | Reached skill level 10 in Shields
 10594 | D:5      | Bought the macabre finger necklace {rN+} for 520 gold
                  | pieces
 10594 | D:5      | Found the macabre finger necklace {rN+}
 10594 | D:5      | Bought an uncursed ring of poison resistance for 260 gold
                  | pieces
 11180 | D:6      | Killed grovkorv's ghost
 11181 | D:6      | Reached skill level 14 in Axes
 11396 | D:7      | Noticed Harold
 11410 | D:7      | Killed Harold
 11607 | D:7      | Found a runed translucent door.
 11608 | D:7      | Noticed Crazy Yiuf
 11616 | D:7      | Killed Crazy Yiuf
 11692 | D:7      | Reached skill level 1 in Stealth
 11803 | D:7      | Reached ***** piety under Beogh
 11867 | D:7      | Noticed a purple ugly thing
 11869 | D:7      | Noticed a purple ugly thing
 11874 | D:7      | Killed a purple ugly thing
 11879 | D:7      | Killed a purple ugly thing
 11896 | D:7      | Found the +8 longbow "Zephyr" {speed, Dex+3 SInv}
 11896 | D:7      | You fall into a shaft and drop 1 floor!
 11974 | D:7      | Got a fine ring mail
 11977 | D:7      | Got a silken robe
 11981 | D:7      | Identified the Handbook of the Oath and the Traveller
 11996 | D:7      | Identified the +2 ring mail "Sonorabb" {Rampage MP+9} (You
                  | found it on level 7 of the Dungeon)
 12064 | D:7      | Killed a cyclops
 12113 | D:7      | Gained Bladwarg as an ally
 12346 | D:11     | Found a staircase to the Lair.
 12670 | D:11     | Noticed a two-headed ogre
 12683 | D:11     | Killed a two-headed ogre
 12684 | D:11     | Reached skill level 15 in Axes
 12941 | D:11     | Noticed a two-headed ogre
 12946 | D:11     | Killed a two-headed ogre
 13061 | D:11     | Reached XP level 12. HP: 99/106 MP: 12/12
 13484 | D:12     | Noticed Snorg
 13492 | D:12     | Killed Snorg
 13493 | D:12     | Reached skill level 10 in Fighting
 13615 | D:12     | Noticed a boulder beetle
 13622 | D:12     | Killed a boulder beetle
 13699 | D:12     | Noticed a boulder beetle
 13719 | D:12     | Killed a boulder beetle
 13925 | D:12     | Gained Hilgar as an ally
 15477 | D:12     | Noticed Fannar
 15489 | D:12     | Killed Fannar
 15679 | D:12     | Noticed Nessos
 15714 | D:12     | Killed Nessos
 15715 | D:12     | Reached skill level 16 in Axes
 15715 | D:12     | Reached skill level 1 in Invocations
 15964 | D:12     | Identified the cursed +1 robe of the Dropbear {rC+ Dex+5}
                  | (You found it on level 7 of the Dungeon)
 16176 | D:12     | Got a smoking long sword
 16182 | D:12     | Identified the +7 long sword of Qazlal's Regard {drain,
                  | +Inv Str+3} (You found it on level 12 of the Dungeon)
 16397 | D:5      | Bought a glowing dire flail for 161 gold pieces
 16547 | Lair:1   | Entered Level 1 of the Lair of Beasts
 16709 | Lair:1   | Found a blossoming altar of Fedhas.
 17278 | Lair:2   | Noticed a four-headed hydra
 17286 | Lair:2   | Killed a four-headed hydra
 17368 | Lair:2   | Found a shimmering altar of Xom.
 17749 | Lair:2   | Got a scorched iron ring
 18065 | Lair:2   | Noticed a boulder beetle
 18092 | Lair:2   | Killed a boulder beetle
 18462 | Lair:2   | Reached skill level 1 in Maces & Flails
 18472 | Lair:2   | Reached ****** piety under Beogh
 18871 | Lair:3   | Noticed a seven-headed hydra
 18877 | Lair:3   | Your ally Hilgar died
 18880 | Lair:3   | Killed an eight-headed hydra
 19202 | Orc:2    | Entered Level 2 of the Orcish Mines
 19783 | Lair:3   | Found a staircase to the Swamp.
 19801 | Lair:3   | Reached XP level 13. HP: 87/114 MP: 16/16
 19907 | Lair:3   | Found a staircase to the Snake Pit.
 19989 | Lair:3   | Found a runed translucent gate.
 19990 | Lair:3   | Noticed a death ooze
 20029 | Snake:1  | Entered Level 1 of the Snake Pit
 20046 | Lair:3   | Found a runed translucent gate.
 20047 | Lair:3   | Found a runed translucent gate.
 20049 | Lair:3   | Noticed Irhican's ghost (journeyman MiBe)
 20148 | Lair:3   | Noticed Prince Ribbit
 20160 | Lair:3   | Killed Prince Ribbit
 20164 | Lair:3   | Gained Warrok as an ally
 20345 | Lair:3   | Reached skill level 10 in Armour
 20474 | Lair:3   | Identified the ring "Wull" {rF- MP+9 Slay+6} (You found it
                  | on level 2 of the Lair of Beasts)
 20759 | Lair:3   | Reached skill level 5 in Invocations
 21131 | Lair:3   | Found the +8 whip "Snakebite" {curare, rPois}
 21288 | Lair:3   | Found a viscous altar of Jiyva.
 23084 | Lair:5   | Found a dark tunnel.
 23779 | Lair:6   | Entered Level 6 of the Lair of Beasts
 24292 | Lair:6   | Noticed a fire dragon
 24307 | Lair:6   | Killed a fire dragon
 25301 | Lair:6   | Found a staircase to the Slime Pits.
 25403 | Lair:6   | Found a viscous altar of Jiyva.
 25901 | Lair:6   | Gained Bladwarg as an ally
 26189 | Lair:6   | Reached XP level 14. HP: 82/127 MP: 19/19
 26359 | Lair:6   | Noticed a dire elephant
 26376 | Lair:6   | Killed a dire elephant
 26381 | Lair:6   | Found the +4 dagger "Morg" {pain, Will+ Int+5}
 27759 | D:13     | Found Cicack's Gadget Shoppe.
 28918 | D:14     | Cast into level 2 of the Abyss (a wizard)
 28975 | Abyss:2  | Noticed a starcursed mass
 29000 | Abyss:2  | Paralysed by accursed screaming for 2 turns
 29009 | Abyss:2  | Noticed a tentacled starspawn
 29009 | Abyss:2  | HP: 4/127 [starcursed mass/accursed screaming (17)]
 29067 | Abyss:2  | Noticed a tentacled starspawn
 29354 | Abyss:2  | Noticed a starcursed mass
 29360 | Abyss:2  | Paralysed by accursed screaming for 1 turns
 29369 | Abyss:2  | Paralysed by accursed screaming for 2 turns
 29374 | Abyss:2  | Paralysed by accursed screaming for 2 turns
 29379 | Abyss:2  | HP: 1/101 [starcursed mass/accursed screaming (6)]
 29380 | Abyss:2  | Killed from afar by a starcursed mass

Illustrated notes

Levels and vault maps discovered:
D:1:      dpeg_arrival_snail, layout_loops_ring
D:2:      layout_loops_ring, riverfiend_overflow_shadow_ancestor,
          nicolae_overflow_crystal_walls, serial_bayou_ford_a,
          minmay_fractal_squares_gapless_5
D:3:      layout_basic, gammafunk_ghost_arena, kennysheep_flooded_box
D:4:      layout_loops_ring, elyvilon_altar_5, overflow_temple_1_default,
          serial_rivers, chequers_serial_rivers_small_b,
          chequers_serial_rivers_micro_d, chequers_serial_rivers_micro_a,
          chequers_serial_rivers_micro_e
D:5:      layout_basic, serial_shops, shop, shop, shop, nicolae_shop_waterfront,
          nicolae_shop_window_shopping
D:6:      layout_loops_ring, general_overflow_altar,
          nemelex_xobeh_ov_fountains_minmay, hellmonk_ghost_happy_afterlife,
          uniq_maggie
D:7:      minmay_the_grid_octo_triangle [minmay_the_grid_octo_checkerflower,
          minmay_the_grid_octo_prize_star, minmay_the_grid_octo_odd_swirl],
          layout_cave_pools, nicolae_ru_awakened_eye, temple_statues,
          uniq_crazy_yiuf_cottage, uniq_harold
D:8:      layout_rooms
D:9:      layout_rooms, nicolae_qazlal_general_emergency, blue_anna_alchemist
          [blue_anna_fruit_fields, blue_anna_fruit_fields]
D:10:     kennysheep_six_static_rooms, layout_gridville,
          hellmonk_ghost_happy_afterlife, minmay_mirror_moons_of_madness
D:11:     layout_roguey, due_lair_maze_entry_diamond, zombieorc2_lemuel
D:12:     layout_irregular_city, uniq_nessos, uniq_fannar, uniq_snorg
D:13:     layout_roguey, serial_shops, shop
D:14:     layout_gridville, grunt_vaults_entry_fortified,
          infiniplex_staircase_zigzag_5, hangedman_abyss_or_decor_stagger
Lair:1:   layout_cave_shapes, basic_altar, serial_bayou_lake_a
Lair:2:   layout_chaotic_city, lemuel_oklob_altar, minmay_lair_oklob_chamber
Lair:3:   minmay_guarded_unrand_snakebite, layout_cave_shapes, swamp_mist,
          guppyfry_snake_entry_island, gammafunk_ghost_ooze,
          chequers_serial_rivers_large_a, nicolae_lair_grove_arrangements,
          uniq_prince_ribbit2
Lair:4:   statuecave_lemuel, layout_small_grid
Lair:5:   layout_misc_corridors, nicolae_volcano_entry_s_turn,
          beast_lair_carwin_3, lemuel_fruit_tree
Lair:6:   hangedman_lair_in_review, layout_regular_city,
          guppyfry_lair_end_dragon, slime_altar_1, fungi_pond_lemuel
Snake:1:  layout_gridlike, serial_shops, shop
Orc:1:    layout_caves
Orc:2:    pubby_orc_utopia, uniq_azrael
Abyss:2:  base: Lair:3, base: Lair:3, base: Lair:3, bh_silent_lugonu_exit,
          kilobyte_mutagenic_chamber

Skill      XL: |  1  2  3  4  5  6  7  8  9 10 11 12 13 14 |
---------------+-------------------------------------------+-----
Axes           | 3 4 5 6 8 10 11 13 15 16 | 16.9
Shields        | 4 5 6 7 9 10 11 12 | 12.0
Fighting       | 4 5 7 8 9 10 12 | 12.8
Armour         | 4 5 6 7 8 9 11 12 | 12.0
Dodging        | 1 |  1.0
Stealth        | 1 2 |  2.2
Invocations    | 4 7 8 |  8.5
Maces & Flails | 2 4 |  4.1
Throwing       | |  0.7

Action                   |  1- 3 |  4- 6 |  7- 9 | 10-12 | 13-15 || total
-------------------------+-------+-------+-------+-------+-------++-------
Melee: War axe           |   129 |   174 |   429 |   596 |   123 ||  1451
       Dire flail        |       |       |       |    81 |       ||    81
       Whip              |       |       |       |       |   277 ||   277
Throw: Boomerang         |       |       |     1 |     2 |       ||     3
Invok: Convert to Beogh  |       |       |     1 |       |       ||     1
       Recall Orcish Fol |       |       |       |     8 |     3 ||    11
       Give Item to Name |       |       |       |     2 |     2 ||     4
       Smiting           |       |       |       |     1 |       ||     1
       Resurrection      |       |       |       |       |     1 ||     1
  Use: Scroll            |     5 |     2 |    17 |    13 |    15 ||    52
       Potion            |       |       |     6 |     4 |    10 ||    20
 Stab: Distracted        |       |       |       |     7 |     3 ||    10
Armor: Scale mail        |    64 |    37 |     9 |   173 |   183 ||   466
       Chain mail        |       |    32 |   246 |       |       ||   278
Dodge: Dodged            |    44 |    45 |   112 |   151 |   203 ||   555
Block: Kite shield       |    69 |    94 |   288 |   391 |       ||   842
